 Seeded DCSS version 0.31.0-32-g396128a36d (webtiles) character file.

Game seed: 11920130714543812510 (custom seed)

56 Griffin23 the Covered (level 3, -4/33 HPs)
             Began as a Minotaur Fighter on Mar 15, 2024.
             Slain by a goblin
             ... wielding a +4 dagger of electrocution
              (15 damage)
             ... on level 2 of the Dungeon.
             The game lasted 00:02:06 (1083 turns).

Griffin23 the Covered (Minotaur Fighter)            Turns: 1083, Time: 00:02:06

Health: -4/33      AC: 12    Str: 28    XL:     3   Next: 71%
Magic:  2/2        EV:  8    Int:  5    God:
Gold:   93         SH:  4    Dex:  9    Spells: 2/2 levels left

rFire   . . .        a - +0 long sword
rCold   . . .        c - +0 buckler
rNeg    . . .        f - +0 chain mail
rPois   .            n - +2 hat
rElec   .            t - +0 cloak
rCorr   .            (no gloves)
SInv    .            (no boots)
Will    .....        (no amulet) Stlth
                     j - +4 ring of slaying
HPRegen 0.25/turn    o - +6 ring of strength
MPRegen 0.08/turn

%: no passive effects
@: no status effects
A: horns 2, retaliatory headbutt
a: no special abilities


You were on level 2 of the Dungeon.
You visited 1 branch of the dungeon, and saw 2 of its levels.

You collected 93 gold pieces.

Inventory:

Hand Weapons
 a - a +0 long sword (weapon)
Armour
 b - a +0 scale mail
 c - a +0 buckler (worn)
 f - a +0 chain mail (worn)
 n - a +2 hat (worn)
 t - a +0 cloak (worn)
Jewellery
 j - a +4 ring of slaying (left hand)
 o - a +6 ring of strength (right hand)
 r - an amulet of magic regeneration
Scrolls
 e - a scroll of blinking
 g - a scroll of enchant weapon
 m - 2 scrolls of noise
 p - a scroll of acquirement {unknown}
 q - a scroll of fog {unknown}
 s - a scroll of teleportation {unknown}
Potions
 d - a potion of might
 h - 2 potions of lignification {unknown}
 i - a potion of invisibility {unknown}
 k - a potion of berserk rage {unknown}
 l - a potion of mutation {unknown}


   Skills:
 + Level 4.0 Fighting
 * Level 3.7 Long Blades
 + Level 4.3 Armour
 + Level 3.9 Shields


You had 2 spell levels left.
You didn't know any spells.
Your spell library contained the following spells:

 Spells                   Type           Power      Damage    Failure   Level
 Blink                    Tloc           0%         N/A       99%         2
 Lesser Beckoning         Tloc           0%         N/A       99%         2
 Momentum Strike          Conj/Tloc      0%         3d8       99%         2


Dungeon Overview and Level Annotations

Branches:
Dungeon (2/15)

Altars:


Innate Abilities, Weirdness & Mutations

You have a pair of horns on your head.
You reflexively headbutt those who attack you in melee.


Message History

A goblin is wielding a +4 dagger of electrocution.
The goblin shouts!
The bat hits you but does no damage.
The goblin moves out of view.
There are monsters nearby!
You closely miss the adder. The bat closely misses you.
The adder closely misses you. The adder barely misses you.
You closely miss the adder. The bat hits you but does no damage.
The adder bites you. The adder bites you but does no damage.
You hit the adder.
The adder is heavily wounded.
The bat hits you but does no damage. The adder bites you but does no damage.
The kobold hits you but does no damage.
You slash the adder!
You kill the adder!
The bat hits you but does no damage. You block the kobold's attack.
You hit the bat.
You kill the bat!
The goblin hits you with a +0 club. The goblin hits you but does no damage.
The kobold hits you but does no damage.
You closely miss the goblin. The kobold barely misses you.
The goblin hits you but does no damage. x2; The kobold misses you.
You furiously retaliate!
You headbutt the kobold. The goblin hits you with a +0 club.
The goblin hits you with a +4 dagger of electrocution.
You are electrocuted!
You are too injured to fight recklessly!
You are too injured to fight recklessly!
You are too injured to fight recklessly!
Unknown command.
You closely miss the kobold.
The kobold is severely wounded.
The goblin barely misses you. You furiously retaliate!
You headbutt the goblin. The goblin closely misses you.
The kobold hits you with a +0 dagger.
You slash the kobold!
You kill the kobold!
The goblin closely misses you. The goblin hits you but does no damage.
You barely miss the goblin.
The goblin is heavily wounded.
The goblin hits you but does no damage.
You are electrocuted!
You die...

...#.........#.#.
...#.........#.# ......
...#.).........##......
.....)................
.............#..#..>#
...#........##.....#
.....#.....###.....# .
...###########..†g.#..$.
.### #.....)..@)...# .#
#####.##......g......
####.............#......
##......###.....##.[...#
........# #.....# ....#
........# ####### .....
†..###.|# ...#
##....#.### ...#
####.....#####


You could see 2 goblins.

Vanquished Creatures
  Terence (D:2)
  An adder (D:2)
  2 bats
  2 endoplasms (D:1)
  3 goblins
  4 hobgoblins
  2 kobolds (D:2)
  4 ball pythons (D:1)
  3 frilled lizards
  A rat (D:1)
23 creatures vanquished.

Notes
Turn   | Place    | Note
-------+----------+-------------------------------------------
     0 | D:1      | Griffin23 the Minotaur Fighter began the quest for the Orb.
     0 | D:1      | Reached XP level 1. HP: 19/19 MP: 0/0
   217 | D:1      | Reached XP level 2. HP: 27/27 MP: 1/1
   707 | D:2      | Noticed Terence
   723 | D:2      | Killed Terence
   724 | D:2      | Reached XP level 3. HP: 4/33 MP: 2/2
  1083 | D:2      | Slain by a goblin

Illustrated notes

Levels and vault maps discovered:
D:1:      wheals_arrival_shading, layout_loops_ring
D:2:      layout_rooms, uniq_terence

Skill      XL: |  1  2  3 |
---------------+----------+-----
Long Blades    | 3 |  3.7
Armour         | 4 |  4.3
Fighting       | 4 |  4.0
Shields        | |  3.9

Action                     || total
---------------------------++-------
  Melee: Long sword        ||    51
         Headbutt          ||     7
    Use: Scroll            ||     3
 Armour: Chain mail        ||    46
  Dodge: Dodged            ||    25
  Block: Buckler           ||     3
